 Dungeon Crawl Stone Soup version 0.17.2-1-ge4368a0 (webtiles) character file.

123 Goblin1989 the Skirmisher (level 4, 0/37 HPs)
             Began as a Demonspawn Wanderer on Oct 30, 2016.
             Killed by divine providence
             ... invoked by an orc priest
              (11 damage)
             ... on level 3 of the Dungeon.
             The game lasted 00:05:30 (1445 turns).

Goblin1989 the Skirmisher (Demonspawn Wanderer)     Turns: 1445, Time: 00:05:31

Health: 0/37       AC:  7    Str: 15    XL:     4   Next: 79%
Magic:  4/4        EV: 10    Int: 13    God:
Gold:   99         SH:  0    Dex: 11    Spells: 0 memorised, 3 levels left

rFire  . . .     SeeInvis .     a - +4 quarterstaff (chaos)
rCold  . . .     Clarity  .     c - +0 ring mail
rNeg   . . .     SustAt   .     (shield currently unavailable)
rPois  +         Gourm    .     (helmet restricted)
rElec  .         Spirit   .     s - +1 cloak {rPois}
rCorr  .         Warding  .     (no gloves)
rMut   .         Stasis   .     (no boots)
MR     .....                    (no amulet)
Stlth  +.........               (no ring)
                                (no ring)

@: not resistant to hostile enchantments, very unstealthy
A: antennae 1, spiny 1
a: no special abilities


You were on level 3 of the Dungeon.
You were not hungry.

You visited 1 branch of the dungeon, and saw 3 of its levels.

You collected 99 gold pieces.

Inventory:

Hand Weapons
 a - a +4 quarterstaff of chaos (weapon)
 b - a +0 shortbow
Missiles
 e - 18 arrows
Armour
 c - a +0 ring mail (worn)
 s - a +1 cloak of poison resistance (worn)
Jewellery
 g - an uncursed amulet of guardian spirit {unknown}
Scrolls
 j - a scroll of noise {unknown}
 k - 2 scrolls of teleportation {unknown}
 l - 3 scrolls of remove curse {unknown}
 n - 2 scrolls of immolation {unknown}
 o - 2 scrolls of random uselessness {unknown}
 p - 2 scrolls of identify {unknown}
 t - 2 scrolls of fear
 u - a scroll of enchant weapon {unknown}
Potions
 d - a potion of haste {!q, @q3}
 h - a potion of resistance {unknown}
 i - 2 potions of curing {unknown}
 r - a potion of agility {unknown}
Comestibles
 f - 2 bread rations {@e1}
 m - a royal jelly
 q - a meat ration {@e2}
 v - a chunk of flesh {@w0}
 w - a beef jerky


   Skills:
 - Level 3.9 Fighting
 + Level 2.1 Staves
 - Level 2.6 Bows
 - Level 1.0 Throwing
 - Level 1.0 Armour
 - Level 1.0 Dodging
 - Level 1.0 Stealth
 - Level 1.0 Unarmed Combat
   Level 1.0 Evocations


You had 3 spell levels left.
You didn't know any spells.

Dungeon Overview and Level Annotations

Branches:
Dungeon (3/15)

Altars:
Ashenzari
Makhleb
Zin


Innate Abilities, Weirdness & Mutations

You have a pair of small antennae on your head.
You are partially covered in sharp spines.


Message History

You are too injured to fight recklessly!
You are too injured to fight recklessly!
You are too injured to fight recklessly!
You are too injured to fight recklessly!
You are too injured to fight recklessly!
You are too injured to fight recklessly!
You are too injured to fight recklessly!
You are too injured to fight recklessly!
You are too injured to fight recklessly!
You are too injured to fight recklessly!
You are too injured to fight recklessly!
You are too injured to fight recklessly!
You are too injured to fight recklessly!
You are too injured to fight recklessly!
You are too injured to fight recklessly!
You are too injured to fight recklessly!
You are too injured to fight recklessly!
The orc priest mumbles some strange prayers to Beogh against you.
Something smites you!
You die...

..........██.█...█
.██.██.█████..█.█.█
..████.......██.██
█ ..█ ████████.█
..█.█ █.█
█<......)███.█.█
█.█ █..>....█.██..█
█.█ █.......██[).█
..█ █.......████.█
███ █...K...█ █@█
..█ █.......█


█o█ █.█ █......?█ █)█ █<█ █.██.██.█ █)█ █.█ █o█ █.█ ... █.█ █.. ..█ ██o█ ... .█
You could see an orc priest and 2 orcs.

Vanquished Creatures
  Crazy Yiuf (D:2)
  An orc priest (D:3)
  2 adders (D:2)
  5 orcs (D:3)
  A ball python (D:1)
  A giant cockroach (D:2)
  8 goblins
  2 hobgoblins
  A quokka (D:2)
  9 bats
  A giant gecko (D:1)
  4 giant newts
  7 kobolds
  4 rats
47 creatures vanquished.

Notes
Turn   | Place    | Note
--------------------------------------------------------------
     0 | D:1      | Goblin1989 the Demonspawn Wanderer began the quest for the Orb.
     0 | D:1      | Goblin1989 set off with: a scroll of fear, a potion of haste {!q, @q3}, a +0 ring mail, a +0 shortbow, 24 arrows, a bread ration {@e1}
     0 | D:1      | Reached XP level 1. HP: 15/15 MP: 1/1
   120 | D:1      | Gained mutation: You are partially covered in sharp spines. [demonic ancestry]
   120 | D:1      | Reached XP level 2. HP: 20/22 MP: 2/2
   613 | D:2      | Found a shattered altar of Ashenzari.
   694 | D:2      | Reached skill level 3 in Fighting
   695 | D:2      | Gained mutation: You have a pair of small antennae on your head. [demonic ancestry]
   695 | D:2      | Reached XP level 3. HP: 27/29 MP: 3/3
   711 | D:2      | Noticed Crazy Yiuf
   723 | D:2      | Killed Crazy Yiuf
   972 | D:2      | Reached XP level 4. HP: 30/37 MP: 4/4
  1014 | D:2      | Found a burning altar of Makhleb.
  1057 | D:2      | Found a glowing silver altar of Zin.
  1282 | D:2      | Reached skill level 1 in Staves
  1445 | D:3      | Killed from afar by an orc priest

Action                   |  1- 3 |  4- 6 || total
-------------------------+-------+-------++-------
Melee: Quarterstaff      |       |    27 ||    27
 Fire: Shortbow          |    80 |       ||    80
  Eat: Chunk             |       |     2 ||     2

Vault maps used:
D:1:      mrwooster_arrival_arrow
D:2:      lightli_temple_of_fire, zin_statuary, old_standard_altar,
          uniq_crazy_yiuf_cottage
D:3:      first_bread
